Cogmind - Beta 10.2 @@@ ROGUE MODE // 2022.02.17 @ 22:34:10 Player: russur Result: Destroyed self with Rocket Launcher Performance ------------- Evolutions (1) 500 Regions Visited (4) 800 Robots Destroyed (41) 205 Value Destroyed (1039) 1039 Prototype IDs (0) 0 Alien Tech Used (0) 0 Bonus (0) 0 TOTAL SCORE: 2544 Bonus ------- None Cogmind --------- Core Integrity 0/400 Matter 439/450 Energy 125/125 System Corruption 0% Temperature Cool (0) Movement Walking (120) Location -9/Mines Parts ------- > --- POWER (2) -------- Light Ion Engine > --- PROPULSION (2) --- Aluminum Leg Improved Carbon-fiber Leg > --- UTILITY (3) ------ Medium Storage Unit Compact Matter Pod Integration Mediator > --- WEAPON (2) ------- Rocket Launcher Mining Claw > --- INVENTORY (8) ---- Improved Ion Engine Heavy Ion Engine Improved Aluminum Leg Improved Aluminum Leg Improved Heat Sink Particle Gun EMP Blaster Peak State ------------ > --- POWER ------------ Ion Engine Improved Ion Engine > --- PROPULSION ------- Improved Carbon-fiber Leg Improved Titanium Leg > --- UTILITY ---------- Medium Storage Unit Compact Matter Pod Integration Mediator > --- WEAPON ----------- Mining Claw Mining Claw > --- INVENTORY -------- Light Ion Engine Improved Ion Engine Heavy Ion Engine Improved Aluminum Leg Improved Aluminum Leg Improved Heat Sink EMP Blaster Rocket Launcher [Rating: 20] Favorites ----------- Power Ion Engine Engine Ion Engine Propulsion Aluminum Leg Treads Light Treads Leg Aluminum Leg Wheel Compact Wheel Flight Unit Flight Unit Utility Medium Storage Unit Device Integration Mediator Storage Medium Storage Unit Processor Visual Processing Unit Weapon Mining Claw Energy Gun EM Pulse Gun Ballistic Gun Light Assault Rifle Launcher EMP Blaster Special Weapon Plasma Cutter Slashing Weapon Mining Claw Build | -11 -10 -10 -9 -9 ------- Run | Scr Mat Min Mat Min Slots Evolved 2 | . . . 2 . Power 1 | . . . 1 . Propulsion . | . . . . . Utility 1 | . . . 1 . Weapon . | . . . . . Parts Attached 58 | 6 15 4 27 6 Power 15 | 1 3 1 8 2 Engine 15 | 1 3 1 8 2 Core . | . . . . . Reactor . | . . . . . Propulsion 18 | 2 4 . 9 3 Treads 2 | 2 . . . . Leg 13 | . 2 . 8 3 Wheel 2 | . 2 . . . Hover . | . . . . . Flight 1 | . . . 1 . Utility 10 | 1 5 . 4 . Device 6 | . 3 . 3 . Storage 3 | 1 1 . 1 . Processor 1 | . 1 . . . Hackware . | . . . . . Protection . | . . . . . Artifact . | . . . . . Weapon 15 | 2 3 3 6 1 Energy Gun 3 | 1 . . 2 . Energy Cannon . | . . . . . Ballistic Gun 2 | 1 1 . . . Ballistic Cannon . | . . . . . Launcher 2 | . . . 1 1 Special Weapon 5 | . 2 2 1 . Impact Weapon . | . . . . . Slashing Weapon 3 | . . 1 2 . Piercing Weapon . | . . . . . Special Melee Weapon . | . . . . . Unidentified Prototypes . | . . . . . Parts Lost 13 | . 1 2 5 5 Power 4 | . . . 1 3 Propulsion 2 | . . . 1 1 Utility . | . . . . . Weapon 7 | . 1 2 3 1 Highest Loss Streak 3 | . 1 2 1 3 Average Slot Usage (%) 95 | . 94 99 96 90 Engine 17 | . 14 14 21 13 Treads 3 | . 11 . . . Leg 12 | . 7 . 17 21 Wheel 7 | . 8 28 1 . Device 9 | . 8 . 11 11 Storage 14 | . 5 14 20 22 Processor 5 | . 10 14 . . Energy Gun 4 | . 8 . 3 . Ballistic Gun 5 | . 15 . . . Launcher 1 | . . . 2 5 Special Weapon 3 | . 1 16 3 . Slashing Weapon 8 | . . 10 12 16 Naked Turns . | . . . . . Heaviest Build 29 | 10 15 15 29 27 Greatest Support 40 | 40 40 32 32 38 Greatest Overweight (x) 9 | . . . 9 1 Average Overweight (x) . | . . . 1 . Largest Inventory Capacity 8 | 6 8 8 8 8 Average Capacity 6 | 5 5 8 8 8 Most Carried 8 | 4 8 8 8 8 Average Carried 6 | 2 4 7 7 7 Final Capacity 8 | 6 8 8 8 8 Final Carried 8 | 4 7 8 8 7 Class Distribution -------------------- 80% | Mutant 19% | Scavenger-Mutant Dominant Class ---------------- Mutant | -10/Materials Mutant | -10/Mines Mutant | -9/Materials Mutant | -9/Mines Resources | -11 -10 -10 -9 -9 ----------- Run | Scr Mat Min Mat Min Matter Collected 707 | 203 209 75 151 69 Remotely . | . . . . . Salvage Created 1190 | . 337 60 714 79 Parts 88 | . 26 7 48 7 Haulers Intercepted . | . . . . . Recyclers Shooed 1 | . 1 . . . Parts Field Recycled 6 | . . . 6 . Retrieved Matter 42 | . . . 42 . Parts Self-Destructed . | . . . . . Prevented . | . . . . . Kills | -11 -10 -10 -9 -9 ------- Run | Scr Mat Min Mat Min Combat Hostiles Destroyed 37 | . 11 3 19 4 Melee 11 | . . . 11 . Guns 18 | . 10 . 8 . Cannons 3 | . . 3 . . AOE 5 | . 1 . . 4 Classes Destroyed 5 | . 3 . 1 1 Worker 1 | . . . . 1 Watcher 3 | . 3 . . . Swarmer 15 | . 8 3 4 . Grunt 16 | . 3 . 9 4 Sentry 6 | . . . 6 . Best Kill Streak 5 | . 4 3 5 3 Combat Bots Only 5 | . 4 3 5 3 Max Kills in Single Turn 3 | . 1 1 1 3 Gunslinging . | . . . . . Exploded 3 | . 1 . . 3 Melee 1 | . . . 1 . Uniques/NPCs Destroyed . | . . . . . Combat | -11 -10 -10 -9 -9 -------- Run | Scr Mat Min Mat Min Damage Taken 2016 | . 269 176 897 674 Core 497 | . 49 33 248 167 Absorbed by Shields . | . . . . . Core Remaining (%) 83 | 100 . 67 . . Volleys Fired 80 | . 36 6 32 6 Largest 2 | . 2 2 1 1 Hottest 65 | . 60 40 65 33 Shots Fired 117 | . 69 10 32 6 Gun 99 | . 69 . 30 . Cannon . | . . . . . Launcher 8 | . . . 2 6 Special 10 | . . 10 . . Kinetic 39 | . 39 . . . Thermal 40 | . . 10 30 . Explosive 6 | . . . . 6 Electromagnetic 32 | . 30 . 2 . Robot Hit Streak 6 | . 5 3 6 6 Robot Miss Streak 7 | . 7 2 6 1 Penetration Max . | . . . . . Secondary Targets 1 | . 1 . . . Max Gunslinging Chain 1 | . 1 . . . Shots Hit Robots 94 | . 31 5 48 10 Core Hits 74 | . 22 3 41 8 Critical Hits 1 | . . 1 . . Critical Kills 1 | . . 1 . . Critical Parts Destroyed . | . . . . . Melee Attacks 43 | . . . 30 13 Impact . | . . . . . Slashing 43 | . . . 30 13 Piercing . | . . . . . Sneak Attacks 1 | . . . . 1 Combat Hostiles . | . . . . . Follow-up Attacks 1 | . . . . 1 Damage Inflicted 1954 | . 404 45 916 589 Guns 748 | . 371 . 377 . Cannons . | . . . . . Explosions 505 | . 33 . 71 401 Melee 656 | . . . 468 188 Ramming . | . . . . . Kinetic 162 | . 162 . . . Thermal 455 | . 33 45 377 . Explosive 401 | . . . . 401 Electromagnetic 280 | . 209 . 71 . Impact . | . . . . . Slashing 656 | . . . 468 188 Piercing . | . . . . . Highest Corruption . | . . . . . Average Corruption . | . . . . . Corruption Purged . | . . . . . Overload Shots . | . . . . . Overflow Damage 48 | . . . 26 22 Projectiles . | . . . . . Explosions 48 | . . . 26 22 Melee . | . . . . . Knockbacks . | . . . . . Impact . | . . . . . Kinetic . | . . . . . Secondary . | . . . . . Self-Inflicted Damage 92 | . 11 . . 81 Shots 4 | . 1 . . 3 Rammed . | . . . . . Targets Rammed . | . . . . . Kicked . | . . . . . Crushed . | . . . . . Highest Temperature 381 | . 40 . 381 13 Average Temperature 81 | . 18 . 123 8 Received Heat Transfer 711 | . . . 378 333 Effects 1 | . . . 1 . Shutdowns 1 | . . . 1 . Siege Activations . | . . . . . Robots Corrupted . | . . . . . Combat Hostiles . | . . . . . Parts Fried 1 | . 1 . . . Impact Corruptions . | . . . . . Robots Melted . | . . . . . Combat Hostiles . | . . . . . Parts Melted 1 | . . 1 . . Heat Transferred 788 | . . 148 640 . Parts Sabotaged . | . . . . . Parts Stolen . | . . . . . Parts Stripped . | . . . . . Power Chain Reactions 1 | . 1 . . . Missiles Intercepted . | . . . . . Alert | -11 -10 -10 -9 -9 ------- Run | Scr Mat Min Mat Min Peak Influence 364 | . 267 113 364 154 Initial 99 | . . 48 43 99 Average 149 | . 129 110 202 121 Maximum Alert Level 1 | . 1 . 1 . Low Security (%) 63 | 100 62 100 41 100 Level 1 36 | . 37 . 58 . Level 2 . | . . . . . Level 3 . | . . . . . Level 4 . | . . . . . Level 5 . | . . . . . High Security . | . . . . . Max Security . | . . . . . Squads Dispatched 7 | . 1 . 5 1 Investigation 3 | . 1 . 1 1 Extermination . | . . . . . Reinforcement 4 | . . . 4 . Assault . | . . . . . Garrison . | . . . . . Intercept . | . . . . . Construction Impeded . | . . . . . Haulers Reinforced . | . . . . . Stealth | -11 -10 -10 -9 -9 --------- Run | Scr Mat Min Mat Min Distress Signals 4 | . 3 . 1 . Communications Jammed . | . . . . . Distress Signals . | . . . . . Times Spotted 62 | . 20 3 29 10 Peak Tracking Total 10 | . 7 2 3 10 Tactical Retreats 3 | . 3 . . . Traps | -11 -10 -10 -9 -9 ------- Run | Scr Mat Min Mat Min Traps Triggered 1 | . 1 . . . Indirectly . | . . . . . Trap Hack Attempts . | . . . . . Triggered . | . . . . . Disarmed . | . . . . . Reprogrammed . | . . . . . Reused . | . . . . . Traps Extracted . | . . . . . Installed . | . . . . . Triggered . | . . . . . Machines | -11 -10 -10 -9 -9 ---------- Run | Scr Mat Min Mat Min Machines Disabled . | . . . . . Max in Single Turn . | . . . . . Machines Sabotaged . | . . . . . Garrisons Compromised . | . . . . . Overloaded Fab Kills . | . . . . . Fab Network Shutdowns . | . . . . . Hacking | -11 -10 -10 -9 -9 --------- Run | Scr Mat Min Mat Min Machines Accessed 9 | . 3 . 5 1 Terminals 5 | . 3 . 2 . Fabricators . | . . . . . Repair Stations 1 | . . . 1 . Recycling Units 1 | . . . 1 . Scanalyzers 1 | . . . 1 . Garrison Access . | . . . . . Total Hacks 25 | . 12 . 12 1 Successful 19 | . 9 . 9 1 Failed 6 | . 3 . 3 . Catastrophic . | . . . . . Database Lockouts . | . . . . . Manual 4 | . 3 . 1 . Terminals 17 | . 12 . 5 . Fabricators . | . . . . . Repair Stations 2 | . . . 2 . Recycling Units 1 | . . . 1 . Scanalyzers 4 | . . . 4 . Garrison Access . | . . . . . Terminal Hacks 12 | . 9 . 2 1 Record 8 | . 7 . 1 . Open Door 1 | . . . . 1 Alert Level 1 | . 1 . . . Dispatch Records 1 | . 1 . . . Investigation Status 1 | . . . 1 . Fabricator Hacks . | . . . . . Repair Station Hacks 2 | . . . 2 . Scan Component 1 | . . . 1 . Repair 1 | . . . 1 . Recycling Unit Hacks 1 | . . . 1 . Retrieve Components 1 | . . . 1 . Scanalyzer 4 | . . . 4 . Insert Component 2 | . . . 2 . Analyze 2 | . . . 2 . Garrison Access Hacks . | . . . . . Unauthorized Hacks . | . . . . . Terminals . | . . . . . Fabricators . | . . . . . Repair Stations . | . . . . . Recycling Units . | . . . . . Scanalyzers . | . . . . . Garrison Access . | . . . . . Data Cores Recovered . | . . . . . Used . | . . . . . Hacking Detections 5 | . 2 . 3 . Full Trace Events 2 | . . . 2 . Feedback Events . | . . . . . Feedback Blocked . | . . . . . Robot Schematics Acquired . | . . . . . Robots Built . | . . . . . Matter . | . . . . . Time . | . . . . . Total Robot Build Rating . | . . . . . Part Schematics Acquired 2 | . . . 2 . Parts Built . | . . . . . Matter . | . . . . . Time . | . . . . . Total Part Build Rating . | . . . . . Parts Repaired 1 | . . . 1 . Time 26 | . . . 26 . Parts Recycled . | . . . . . Recycled Matter . | . . . . . Retrieved Matter . | . . . . . Retrieved Components 9 | . . . 9 . Parts Scanalyzed 2 | . . . 2 . Part Schematics Acquired 2 | . . . 2 . Parts Damaged . | . . . . . Bothacking | -11 -10 -10 -9 -9 ------------ Run | Scr Mat Min Mat Min Used RIF Installer . | . . . . . Robots Hacked . | . . . . . Non-combat . | . . . . . Combat . | . . . . . Robot Hacks Applied . | . . . . . Relay Couplers Released . | . . . . . Robots Rewired . | . . . . . Allies Hacked . | . . . . . Hacks Repelled . | . . . . . Allies | -11 -10 -10 -9 -9 -------- Run | Scr Mat Min Mat Min Total Allies . | . . . . . Largest Group . | . . . . . Highest-Rated Group . | . . . . . Highest-Rated Ally . | . . . . . Total Orders . | . . . . . Ally Attacks . | . . . . . Total Damage . | . . . . . Kills . | . . . . . Allies Corrupted . | . . . . . Allies Melted . | . . . . . Intel | -11 -10 -10 -9 -9 ------- Run | Scr Mat Min Mat Min Robot Analysis Total . | . . . . . Derelict Logs Recovered . | . . . . . Drone Launches . | . . . . . Drone Recoveries . | . . . . . Exploration | -11 -10 -10 -9 -9 ------------- Run | Scr Mat Min Mat Min Turns Passed 2810 | 126 911 316 1141 316 Spaces Moved 1730 | 77 600 275 575 203 Core 11 | 9 . . 2 . Treads 257 | 68 189 . . . Legs 868 | . 157 . 508 203 Wheels 584 | . 254 275 55 . Hover . | . . . . . Flight 10 | . . . 10 . Fastest Speed 50 | 50 100 100 100 120 Average Speed 132 | 147 124 100 155 127 Slowest Speed 520 | 160 160 100 520 150 Overloaded Moves . | . . . . . Propulsion Burnouts . | . . . . . Robots Hopped . | . . . . . Cave-ins Triggered . | . . . . . Exploration Rate (%) 44 | 6 70 60 44 42 Regions Visited 4 Branch Regions 2 Pre-discovered Areas . | . . . . . Known Exits Taken . | . . . . . Unknown Exits Taken 4 | 1 1 1 1 . Scrap Searched 1 | . . 1 . . Spaces Dug . | . . . . . Terrain Destroyed 57 | . 2 . . 55 Melee . | . . . . . Projectile . | . . . . . AOE 57 | . 2 . . 55 Terrain Rammed . | . . . . . Walls Destroyed . | . . . . . Machines Disabled . | . . . . . Actions | -11 -10 -10 -9 -9 --------- Run | Scr Mat Min Mat Min Total 2068 | 87 715 297 736 233 Wait 52 | 1 14 4 32 1 Move 1726 | 76 599 274 574 203 Hop . | . . . . . Pick Up 47 | 4 22 5 14 2 Fast Attach 24 | 6 9 . 8 1 Attach 19 | . 4 3 9 3 Detach 8 | . 2 1 5 . Swap 15 | . 2 1 10 2 Drop 55 | . 27 3 22 3 Fire 80 | . 36 6 32 6 Melee 42 | . . . 30 12 Ram . | . . . . . Kick . | . . . . . Crush . | . . . . . Escape Stasis . | . . . . . Rewire . | . . . . . Trap . | . . . . . Miscellaneous . | . . . . . Route ------- -11/Scrapyard -10/Materials (discovered 3 exits: *Mat x2 / [*Min]) -10/Mines -9/Materials -9/Mines History --------- Turn | Location | Event 3 | -11/Scrapyard | Discovered new exit (range 16) 127 | -11/Scrapyard | Entered Materials 318 | -10/Materials | Build established: Mutant 575 | -10/Materials | Discovered new exit (range 3) 702 | -10/Materials | Discovered new exit (range 16) 962 | -10/Materials | Discovered new exit (range 17) 1038 | -10/Materials | Entered Mines 1110 | -10/Mines | YI-UF0 nonchalantly dropped a Grenade Launcher on the ground 1122 | -10/Mines | Received a Rocket Launcher from a helpful Derelict 1238 | -10/Mines | Discovered new exit (range 9) 1354 | -10/Mines | Entered Materials 1354 | -9/Materials | Evolved 2 slots: Power x1, Utility x1 1723 | -9/Materials | Discovered new exit (range 14) 2042 | -9/Materials | Repaired Aluminum Leg? 2150 | -9/Materials | Core integrity fell below 50% 2495 | -9/Materials | Entered Mines 2544 | -9/Mines | Met a Derelict shopkeep closing up shop 2659 | -9/Mines | Core integrity fell below 20% 2675 | -9/Mines | Lost 3 parts (2p1w) 2783 | -9/Mines | Found a hidden stash of uninstalled traps 2804 | -9/Mines | Assembled infested the area 2811 | -9/Mines | Destroyed self with Rocket Launcher Last Messages --------------- 02706_ Acquired Aluminum Leg. 02707_ U-05 Engineer lays Concrete. 02708_ Acquired 8 matter. 02708_ U-05 Engineer lays Concrete. 02710_ Acquired 6 matter. 02712_ U-05 Engineer lays Concrete. 02714_ U-05 Engineer builds a Wall. 02766_ Sneak attack on K-01 Serf. 02766_ K-01 Serf destroyed. 02774_ Acquired Lgt. Ion Engine. 02776_ Acquired 6 matter. 02783_ A stash of uninstalled traps is collected here! 02786_ Acquired Explosive Trap. 02790_ Dropped Explosive Trap. 02804_ ALERT: Infestation in the mines, dispatching Demolisher response squad. 02809_ as-54865 destroyed. 02809_ as-00148 destroyed. 02809_ D-53 Grenadier destroyed. 02811_ as-44807 destroyed. Map ----- +----------------------------------------------------+ | | | | | | | | | | | | | | | | | | | | | | | | | | | | | | | ?????????????????????????????????????????????????? | | ?????????????????????????????????????????????????? | | ???????????######????????????????????????????????? | | ??????????## & #????????????????????????????????? | | ??????????# & ####?????????????????????????????? | | ??????????# & && #?????????????????????????????? | | ?????????## ### #?????????????????????????????? | | ?????????# ##?# #???????##????????????????????? | | ?????????# ##?# #?????? ###??????????????????? | | ?????????##== #?# ####### # =d! #??????????? | | ??????????#%# ##?# @ !*] #????????? | | ??????????# ###??######## # a a ????????? | | ########### #???????????### ##???????????????????? | | #??????????????##????????????????????? | | # ###########????????????????????????????????????? | | # #??????????????????????????????????????????????? | | # #########??????????????????????????????????????? | | # #??????????????????????????????????????? | | ######### #??????????????????????????????????????? | | ????????# #??????????????????????????????????????? | | ?????#### #?###??????????????????????????????????? | | ?????# ## ##?????????????????????????????????? | | ?????# #?????????????????????????????????? | | ?????# #?????????????????????????????????? | | #????## ##?????????????????????????????????? | | ##????### #??????????????????????????????????? | | #??????## ##?????????????????????????????????? | | #???????# #?????????????????????????????????? | | #???????##% #?????????????????????????????????? | | #??????##% #?????????????????????????????????? | | ???????# ##????????????????????????????????? | | #??????# #????????????????????????????????? | | ##?????# ##???????????????????????????????? | | #?????# ##??????????????????????????????? | | #?????# ##?????????????????????????????? | +----------------------------------------------------+ Best States ------------- Heat Dissipation 28 Energy Generation 17 Energy Capacity 415 Matter Stores 450 Matter Capacity 450 Sight Range 18 Robot Scan Range 10 Terrain Scan Density 10 ECM Strength 1 Evasion (%) 40 Recoil Reduction 2 Item Schematics ----------------- Rocket Launcher | -9/Materials | Scanalyzed Beam Rifle | -9/Materials | Scanalyzed Robot Schematics ------------------ None Fabricated ------------ Nothing Alien Tech Used ----------------- None Achievements -------------- None Challenges ------------ None Game ------ Seed DirtyDirtyNullifier Manual? 0 Play Time 00:40:59 Cumulative 8.7 hours Start 2022.02.17 @ 21:51:46 End 2022.02.17 @ 22:34:10 Sessions 1 Manual Loads 0 Difficulty Rogue Special Mode None Game No. 25 Rogue 25 Adventurer 0 Explorer 0 Win Type - Total 0 Types 0/0/0/0/0/0/0/0/0 Lore% 14 Gallery% 16 Achievement% 14 Wizard Run 0 Options --------- ASCII 0 Keyboard 1 Movement Numpad Keybinds 0 Fullscreen 1 Font 18/SmallcapsGlow Map View 76x50 Tactical HUD 1 Map Filters NONE Filters NONE Steam 1 RUN: 159cb5a2-8044-4a50-bcbf-30c5ecc76789